 Dungeon Crawl Stone Soup version 0.28-a0-726-g4a9143789a (webtiles) character file.

Game seed: 2223047546787261073

102 cheechan the Shield-Bearer (level 4, -4/31 HPs)
             Began as an Octopode Fighter on Oct 27, 2021.
             Slain by a gnoll (10 damage)
             ... on level 3 of the Dungeon.
             The game lasted 00:05:28 (1910 turns).

cheechan the Shield-Bearer (Octopode Fighter)       Turns: 1910, Time: 00:05:29

Health: -4/31      AC:  1    Str: 15    XL:     4   Next: 77%
Magic:  4/4        EV: 13    Int: 10    God:
Gold:   64         SH:  4    Dex: 12    Spells: 3/3 levels left

rFire   . . .      SeeInvis .   a - +0 war axe
rCold   . . .      Faith    .   b - +0 buckler
rNeg    . . .      Spirit   .   (helmet restricted)
rPois   .          Reflect  .   (no amulet)
rElec   .          Harm     .   (no ring)
rCorr   .          Rampage  .   (no ring)
Will    .....                   (no ring)
Stlth   +++.......              (no ring)
HPRegen 0.10/turn               (no ring)
MPRegen 0.09/turn               (no ring)
                                (no ring)
                                (no ring)

@: no status effects
A: almost no armour, amphibious, 8 rings, camouflage 1, gelatinous body 1,
(nimble swimmer 1), tentacles
a: no special abilities


You were on level 3 of the Dungeon.
You visited 1 branch of the dungeon, and saw 3 of its levels.

You collected 64 gold pieces.

Inventory:

Hand Weapons
 a - a +0 war axe (weapon)
Missiles
 e - 205 stones (quivered)
Armour
 b - a +0 buckler (worn)
Scrolls
 d - 3 scrolls of teleportation
Potions
 c - 2 potions of might
 f - 2 potions of brilliance {unknown}
 g - a potion of haste {unknown}


   Skills:
 + Level 3.2 Fighting
 + Level 3.6 Axes
 + Level 3.3 Dodging
 + Level 1.5 Stealth
 + Level 3.6 Shields


You had 3 spell levels left.
You didn't know any spells.
Your spell library contained the following spells:

 Spells                   Type           Power      Damage    Failure   Level
 Ozocubu's Armour         Ice            0%         N/A       75%         3
 Metabolic Englaciation   Hex/Ice        0%         N/A       100%        5
 Simulacrum               Ice/Necr       0%         N/A       100%        6


Dungeon Overview and Level Annotations

Branches:
Dungeon (3/15)

Altars:

Shops:
D:1 *?[


Innate Abilities, Weirdness & Mutations

You cannot wear most types of armour.
You are amphibious.
You can wear up to eight rings at the same time.
Your skin changes colour to match your surroundings (Stealth+).
Your rubbery body absorbs attacks. (AC +1, EV +1)
((You are camouflaged near water. (Stealth+)))
You have tentacles for arms and can constrict up to eight enemies at once.


Message History

You squeeze the hobgoblin, but do no damage.
The hobgoblin is moderately wounded.
You constrict the hobgoblin, but do no damage.
The hobgoblin escapes!
You block the hobgoblin's attack. The kobold closely misses you.
The hobgoblin closely misses you. x2
The gnoll hits you from afar with a +0 spear.
There is an open door here.
Things that are here:
a +0 short sword; a kobold corpse You block the hobgoblin's attack.
You hit the hobgoblin. You grab the hobgoblin. You squeeze the hobgoblin.
You kill the hobgoblin!
You hit the hobgoblin.
You kill the hobgoblin!
You hit the kobold.
You kill the kobold!
You block the kobold's attack.
You barely miss the kobold. You grab the kobold. You constrict the kobold.
The gnoll completely misses you. The kobold barely misses you.
You block the gnoll's attack.
You slash the kobold!
You kill the kobold!
The gnoll barely misses you.
You hit the hobgoblin but do no damage. You grab the hobgoblin.
You constrict the hobgoblin. The hobgoblin hits you.
You block the gnoll's attack. The hobgoblin hits you.
You hit the hobgoblin. You squeeze the hobgoblin.
You kill the hobgoblin!
The gnoll closely misses you.
The gnoll hits you from afar with a +0 spear.
You hit the kobold.
You kill the kobold!
The gnoll barely misses you. The gnoll hits you with a +0 whip!
* * * LOW HITPOINT WARNING * * *
You closely miss the gnoll. You grab the gnoll. You squeeze the gnoll!
The gnoll is severely wounded.
You constrict the gnoll. You block the gnoll's attack.
The gnoll hits you with a +0 whip!
You die...

##### #$$$########
#### #$$$#......##
##...
#g$$#.......###....
#g##........#.....
#@.....†....#.....
#...........'.....
#...........#.....
#+##........#.....
#.......###....
#......## ##...
######## #### ≈ ≈


You could see 2 gnolls.

Vanquished Creatures
  2 gnolls (D:3)
  An adder (D:2)
  A worm (D:2)
  2 endoplasms
  5 giant cockroaches (D:1)
  8 goblins
  7 hobgoblins
  25 kobolds
  2 quokkas
  3 ball pythons
  2 bats
  3 frilled lizards
  2 rats (D:2)
63 creatures vanquished.

Notes
Turn   | Place    | Note
-------+----------+-------------------------------------------
     0 | D:1      | cheechan the Octopode Fighter began the quest for the Orb.
     0 | D:1      | Reached XP level 1. HP: 16/16 MP: 1/1
    14 | D:1      | Found Lusm's General Store.
    71 | D:1      | Reached XP level 2. HP: 11/21 MP: 2/2
   337 | D:1      | Found Okky's Magic Scroll Shop.
   467 | D:1      | Reached XP level 3. HP: 8/26 MP: 3/3
   688 | D:1      | Found a faded altar of an unknown god.
   701 | D:1      | Found Bashre's Antique Armour Shop.
  1448 | D:2      | Reached skill level 1 in Stealth
  1552 | D:3      | Reached XP level 4. HP: 20/31 MP: 4/4
  1910 | D:3      | Slain by a gnoll

Illustrated notes

Levels and vault maps discovered:
D:1:      mrwooster_arrival_statue_3, layout_basic, serial_shops, shop,
          nicolae_shop_stone, nicolae_shop_waterfront, basic_ecumenical_altar
D:2:      layout_basic
D:3:      minmay_goblin_kobold_castle, layout_basic

Skill      XL: |  1  2  3 |
---------------+----------+-----
Stealth        | 1 |  1.5
Axes           | 3 |  3.6
Fighting       | |  3.2
Dodging        | |  3.3
Shields        | |  3.6

Action                   |  1- 3 |  4- 6 || total
-------------------------+-------+-------++-------
Melee: War axe           |    62 |    35 ||    97
       Tentacles         |     9 |    10 ||    19
       Constrict         |    15 |    13 ||    28
Throw: Throwing net      |       |     2 ||     2
  Use: Scroll            |     3 |       ||     3
 Stab: Sleeping          |     4 |       ||     4
Armor: Skin              |     5 |       ||     5
Dodge: Dodged            |    51 |    29 ||    80
Block: Buckler           |    16 |    10 ||    26

Table legend: (Time is in decaauts)
 A = Elapsed time spent in this place.
 B = Non-inter-level travel time spent in this place.
 C = Inter-level travel time spent in this place.
 D = Time resting spent in this place.
 E = Time spent auto-exploring this place.
 F = Levels seen in this place.
 G = Mean time per level.
                   A        B        C        D        E       F      G
               +--------+--------+--------+--------+--------+-----+--------+
         Total |   1945 |   1945 |      0 |    619 |      0 |   3 |  648.3 |
       Dungeon |   1945 |   1945 |      0 |    619 |      0 |   3 |  648.3 |
               +--------+--------+--------+--------+--------+-----+--------+

Top non-repeatable levels by time:
     D:1: 872 daAuts
     D:2: 668 daAuts
     D:3: 404 daAuts
